 Dungeon Crawl Stone Soup version 0.23-a0-386-g9c9d49f (webtiles) character file.

96 Cryolive the Digger (level 4, -1/24 HPs)
             Began as a Gargoyle Earth Elementalist on Oct 28, 2018.
             Slain by an orc
             ... wielding a +2 hand axe of electrocution
              (3 damage)
             ... on level 2 of the Dungeon.
             The game lasted 00:03:28 (1631 turns).

Cryolive the Digger (Gargoyle Earth Elementalist)   Turns: 1631, Time: 00:03:29

Health: -1/24      AC:  5    Str: 12    XL:     4   Next: 67%
Magic:  3/8        EV: 12    Int: 16    God:
Gold:   108        SH:  0    Dex: 10    Spells: 5/9 levels left

rFire    . . .     SeeInvis .   i - +2 mace (holy)
rCold    . . .     Gourm    .   (no shield)
rNeg     + . .     Faith    .   c - +0 robe
rPois    ∞         Spirit   .   (no helmet)
rElec    +         Reflect  .   (no cloak)
rCorr    .         Harm     .   (no gloves)
MR       .....                  (no boots)
Stlth    ++........             (no amulet)
HPRegen  0.08/turn              (no ring)
MPRegen  0.11/turn              (no ring)

@: no status effects
A: negative energy resistance 1, electricity resistance, unbreathing,
petrification resistance, rot immunity, AC +3
a: no special abilities


You were on level 2 of the Dungeon.
You were very hungry.

You visited 1 branch of the dungeon, and saw 3 of its levels.

You collected 108 gold pieces.

Inventory:

Hand Weapons
 i - a +2 mace of holy wrath (weapon)
Missiles
 b - 76 stones (quivered)
Armour
 c - a +0 robe (worn)
 n - a +0 shield
Scrolls
 a - a scroll of teleportation {unknown}
 f - 2 scrolls of blinking {unknown}
 g - a scroll of fog {unknown}
 h - a scroll of enchant armour {unknown}
 k - 2 scrolls of identify {unknown}
 p - a scroll of enchant weapon {unknown}
 q - a scroll of fear {unknown}
Potions
 e - 2 potions of brilliance {unknown}
 j - a potion of flight {unknown}
 l - 3 potions of agility {unknown}
 m - 3 potions of heal wounds {unknown}
 o - 2 potions of degeneration {unknown}
 r - a potion of haste {unknown}
Comestibles
 d - 6 rations


   Skills:
 - Level 1.5 Dodging
 - Level 2.1 Stealth
 + Level 3.1 Spellcasting
 + Level 1.7 Conjurations
   Level 0.7 Transmutations
 + Level 4.9 Earth Magic


You had 5 spell levels left.
You knew the following spells:

 Your Spells              Type           Power        Failure   Level  Hunger
a - Sandblast             Erth           ###...       2%          1    None
b - Stone Arrow           Conj/Erth      ##....       14%         3    ###....

Your spell library contained the following spells:

 Spells                   Type           Power        Failure   Level  Hunger
 Passwall                 Tmut/Erth      ##......     9%          2    ##.....
 Petrify                  Tmut/Erth      ##......     50%         4    ####...
 Lee's Rapid Deconstruct  Erth           ###.......   56%         5    ######.


Dungeon Overview and Level Annotations

Branches:
Dungeon (3/15)

Altars:
Ashenzari
Uskayaw

Annotations:
D:3 1 runed door


Innate Abilities, Weirdness & Mutations

You are resistant to torment.
Your stone body is resilient. (AC +3)
You are immune to poison.
You resist negative energy. (rN+)
You are resistant to electric shocks. (rElec)
You can survive without breathing.
You are immune to petrification.
You are immune to rotting.


Message History

Casting: Sandblast (safe; 2% risk of failure)
Confirm with . or Enter, or press ? or * to list all spells.
Aiming: Sandblast (safe; 2% risk of failure)
Press: ? - help, Shift-Dir - straight line, f/p - orc
Aim: an orc, wielding a +0 hand axe and wearing a +0 ring mail (heavily The blast of sand hits the orc.
You kill the orc!
b - 77 stones The orc hits you with a +2 hand axe of electrocution!
* * * LOW HITPOINT WARNING * * *
Casting: Sandblast (safe; 2% risk of failure)
Confirm with . or Enter, or press ? or * to list all spells.
Aiming: Sandblast (safe; 2% risk of failure)
Press: ? - help, Shift-Dir - straight line, f - orc
Aim: an orc, wielding a +2 hand axe of electrocution and wearing a +0 chain The blast of sand hits the orc.
The orc is moderately wounded.
b - 76 stones The orc hits you with a +2 hand axe of electrocution.
You die...

####..#............######
#..................#
..#####............# ###
#............# #
####..........#
######.............#
.......###.........# ###
..#####.)........)######.#
#.##....####....@........#
#.....#####).##o#...######
###.........##....###
##....########.#.##
....#.# ####.#.###
#.###.#####....#...#
..###.##....######.#
.##......#### #.##
.##.####<# #..#


You could see an orc.

Vanquished Creatures
  A scorpion (D:2)
  An adder (D:3)
  2 worms (D:2)
  2 orcs
  2 goblins (D:1)
  A hobgoblin (D:2)
  3 jackals (D:1)
  7 kobolds
  4 bats
  4 frilled lizards (D:1)
  4 rats
31 creatures vanquished.

Notes
Turn   | Place    | Note
-------+----------+-------------------------------------------
     0 | D:1      | Cryolive the Gargoyle Earth Elementalist began the quest
                  | for the Orb.
     0 | D:1      | Reached XP level 1. HP: 10/10 MP: 3/3
   311 | D:1      | Reached skill level 4 in Earth Magic
   311 | D:1      | Reached XP level 2. HP: 15/15 MP: 5/5
   829 | D:2      | Found a shattered altar of Ashenzari.
   864 | D:2      | Noticed a dagger
   864 | D:2      | Noticed a hand axe
   871 | D:2      | Reached XP level 3. HP: 19/19 MP: 0/7
   876 | D:2      | Learned a level 3 spell: Stone Arrow
   883 | D:2      | Found a hide-covered altar of Uskayaw.
   963 | D:2      | Noticed a scorpion
   970 | D:2      | Killed a scorpion
   970 | D:2      | Reached skill level 1 in Conjurations
   970 | D:2      | Reached XP level 4. HP: 24/24 MP: 1/8
  1328 | D:3      | Found a runed door.
  1631 | D:2      | Slain by an orc

Vault maps used:
D:1:      lightli_arrival_boilingwater
D:2:      dancing_weapons_uskayaw, ashenzari_conservatory_becter, first_ration
D:3:      kennysheep_doodads, hangedman_decor_growths, uniq_crazy_yiuf_cottage

Skill      XL: |  1  2  3 |
---------------+----------+-----
Earth Magic    | 4 |  4.9
Spellcasting   | 3 |  3.1
Conjurations   | 1 |  1.7
Dodging        | |  1.5
Stealth        | |  2.1
Transmutations | |  0.7

Action                   |  1- 3 |  4- 6 || total
-------------------------+-------+-------++-------
Melee: Spear             |    15 |       ||    15
       Mace              |    32 |    13 ||    45
 Cast: Sandblast         |    12 |     8 ||    20
  Eat: Chunk             |       |     1 ||     1
Armor: Robe              |    23 |     5 ||    28
Dodge: Dodged            |    48 |    22 ||    70

Table legend:
 A = Non-vault XP
 B = Vault XP
 C = Vault XP percentage of total XP
 D = Non-vault monster count
 E = Vault monster count
 F = Vault count percentage of total count
                 A         B        C        D         E       F
            +---------+---------+-------+---------+---------+-------
      Total |     138 |       0 |   0.0 |      31 |       0 |   0.0
            +---------+---------+-------+---------+---------+-------
        D:1 |      25 |       0 |   0.0 |      16 |       0 |   0.0
        D:2 |      97 |       0 |   0.0 |      13 |       0 |   0.0
        D:3 |      16 |       0 |   0.0 |       2 |       0 |   0.0
            +---------+---------+-------+---------+---------+-------
